 Dungeon Crawl Stone Soup version 0.31.0-12-g77e489cdc1 (webtiles) character file.

Game seed: 17818840134604416576

49226 Doomgape the Brawler (level 14, -1/144 HPs)
             Began as a Troll Monk on Feb 14, 2024.
             Was a High Priest of Okawaru.
             Slain by an 11-headed hydra (11 damage)
             ... on level 5 of the Lair of Beasts.
             The game lasted 00:42:45 (11315 turns).

Doomgape the Brawler (Troll Monk)                  Turns: 11315, Time: 00:42:45

Health: -1/144     AC: 17    Str: 26    XL:     14   Next: 15%
Magic:  16/21      EV:  8    Int:  6    God:    Okawaru [*****.]
Gold:   1334       SH: 12    Dex: 12    Spells: 13/13 levels left

rFire   . .          .
                       - Unarmed
rCold   + + +        k - +0 kite shield
rNeg    . . .        a - +0 ice dragon scales
rPois   .            G - +2 hat {Stlth+}
rElec   .            A - scarf {rC+ rF+}
rCorr   .            (gloves unavailable)
SInv    .            (boots unavailable)
Will    +....        x - amulet of reflection
Stlth   +            d - +4 ring of protection
HPRegen 1.24/turn    J - ring of protection from cold
MPRegen 0.17/turn

%: reflection
@: about to teleport, finesse-ful
A: large, unfitting armour, claws 3, regeneration 1, shaggy fur 1, tough skin 1
a: Renounce Religion, Heroism, Finesse, Duel


You were on level 5 of the Lair of Beasts.
You worshipped Okawaru.
Okawaru was extremely pleased with you.
You visited 3 branches of the dungeon, and saw 15 of its levels.

You collected 1334 gold pieces.

Inventory:

Missiles
 o - a throwing net
 p - 4 javelins (quivered)
 t - 3 large rocks
Armour
 a - +0 ice dragon scales (worn)
 c - an orb of light
 k - a +0 kite shield (worn)
 A - a scarf of resistance (worn)
 G - a +2 hat of stealth (worn)
 K - +0 steam dragon scales
Jewellery
 d - a +4 ring of protection (left claw)
 l - a ring of willpower
 m - a ring of protection from fire
 q - a +6 ring of dexterity
 v - a ring of fire
 x - an amulet of reflection (around neck)
 y - a ring of ice
 J - a ring of protection from cold (right claw)
Talismans
 f - a serpent talisman
Wands
 n - a wand of roots (7)
 w - a wand of flame (46)
 L - a wand of digging (2)
Scrolls
 e - 2 scrolls of teleportation
 g - 4 scrolls of identify
 I - a scroll of immolation
Potions
 b - 2 potions of ambrosia
 h - a potion of might
 j - 2 potions of attraction {unknown}
 r - 2 potions of invisibility
 s - 3 potions of curing
 u - 4 potions of lignification
 z - 3 potions of haste
 C - 2 potions of mutation
 D - a potion of enlightenment
Miscellaneous
 i - a condenser vane


   Skills:
 - Level 10.3 Fighting
 + Level 4.6 Dodging
 + Level 17.0 Unarmed Combat
 - Level 11.0 Invocations
 + Level 5.1 Evocations


You had 13 spell levels left.
You didn't know any spells.
Your spell library contained the following spells:

 Spells                   Type           Power      Damage    Failure   Level
 Necrotise                Necr           0%         1d4       98%         1
 Shock                    Conj/Air       0%         1d3       98%         1
 Slow                     Hex            0%         N/A       98%         1
 Jinxbite                 Hex            0%         N/A       99%         2
 Static Discharge         Conj/Air       0%         3-3/arc   99%         2
 Sublimation of Blood     Necr           0%         N/A       99%         2
 Confusing Touch          Hex            0%         N/A       100%        3
 Dazzling Flash           Conj/Hex       0%         N/A       100%        3
 Mephitic Cloud           Conj/Alch/Air  0%         N/A       100%        3
 Sigil of Binding         Hex            0%         N/A       100%        3
 Swiftness                Air            0%         N/A       100%        3
 Vampiric Draining        Necr           0%         2d6       100%        3
 Airstrike                Air            0%         2d(0-16)  100%        4
 Petrify                  Alch/Erth      0%         N/A       100%        4
 Curse of Agony           Necr           0%         N/A       100%        5
 Irradiate                Conj/Alch      0%         3d11      100%        5
 Silence                  Hex/Air        0%         N/A       100%        5
 Yara's Violent Unravell  Hex/Alch       0%         3d3       100%        5
 Enfeeble                 Hex            0%         N/A       100%        7
 Martyr's Knell           Necr/Summ      Unusable   N/A       N/A         4
 Summon Lightning Spire   Summ/Air       Unusable   N/A       N/A         4

Dungeon Overview and Level Annotations

Branches:
Dungeon (9/15)             Temple (1/1) D:7            Lair (5/5) D:8
  Swamp (0/4) Lair:2       Spider (0/4) Lair:2        Slime (0/5) Lair:4
    Orc: D:9-12

Altars:
Cheibriados
Dithmenos
Elyvilon
Fedhas
Gozag
Kikubaaqudgha
Nemelex Xobeh
Okawaru
Qazlal
Sif Muna
Trog
Uskayaw
Vehumet
Wu Jian
Xom
Yredelemnul
The Shining One
Jiyva

Shops:
D:2 (   D:5 :

Annotations:
D:4 3 runed translucent doors, Zing's ghost, amateur GnSh


Innate Abilities, Weirdness & Mutations

You are too large for most types of armour.
You have claws for hands.
Your natural rate of healing is unusually fast.
You are covered in fur. (AC +1)
You have tough skin. (AC +1)


Message History

You claw one of the ten-headed hydra's heads off!
The nine-headed hydra grows two more!
You claw the 11-headed hydra!
The 11-headed hydra is heavily wounded.
The 11-headed hydra bites you but does no damage. x2
The 11-headed hydra bites you. The 11-headed hydra bites you!
The 11-headed hydra bites you but does no damage. x2
The 11-headed hydra completely misses you.
The 11-headed hydra closely misses you.
The 11-headed hydra bites you but does no damage. x2
The 11-headed hydra bites you.
You scratch the 11-headed hydra but do no damage.
The 11-headed hydra is heavily wounded.
Unknown command.
You barely miss the 11-headed hydra.
The 11-headed hydra is heavily wounded.
The yak gores you.
The 11-headed hydra bites you but does no damage.
You block the 11-headed hydra's attack. The 11-headed hydra closely misses you.
The 11-headed hydra bites you. The 11-headed hydra bites you!
* * * LOW HITPOINT WARNING * * *
The 11-headed hydra bites you.
* * * LOW HITPOINT WARNING * * *
You block the 11-headed hydra's attack. The 11-headed hydra bites you.
* * * LOW HITPOINT WARNING * * *
The 11-headed hydra bites you but does no damage.
The 11-headed hydra bites you!
* * * LOW HITPOINT WARNING * * *
The 11-headed hydra bites you but does no damage.
Okay, then.
As you read the scroll of teleportation, it crumbles to dust.
You feel strangely unstable. The yak gores you but does no damage.
The 11-headed hydra bites you!
* * * LOW HITPOINT WARNING * * *
The 11-headed hydra bites you!
* * * LOW HITPOINT WARNING * * *
The 11-headed hydra bites you but does no damage. x2
You block the 11-headed hydra's attack. The 11-headed hydra barely misses you.
The 11-headed hydra bites you but does no damage.
The 11-headed hydra bites you!
You die...

...........,,,,,,,,,,,,,,,,,,,,,,
.................,,,,,,,,,,,**,**
.....,,,*,#......,,,,,,,,,,,,***
....**,,*##......,**,**,,,,,**
...,*,***#......#******,,,,,* **
.,,,**,,*,#.....#*####,,,,,,****,
...##,,,###....Y##...#*,,,,,,**,,
....#*,,#......D#....##*,,,,*****
...##..,,#....YY@.....#*,,,,** **
.......,*#.....####.#.#,,,,,,***,
...P.#***#.....###.....#...Y,,,**
....###* #.......#...#......,,,,,
.......####........Y......Y.,.,,,
.................Y.YY.......Y.,,,
..............................,,,
..........................Y..,,,,
..#..............#...Y....Y..,,,,


You could see a 11-headed hydra and 3 yaks.

Vanquished Creatures
  Gastronok (Lair:3)
  An eleionoma (Lair:2)
  3 hydras
  3 catoblepae (Lair:5)
  Erica (Lair:2)
  A boulder beetle (D:8)
  9 death yaks (Lair:5)
  A two-headed ogre (D:8)
  A tengu warrior (D:8)
  3 skysharks
  2 manticores (Lair:5)
  2 oklob plants (Lair:4)
  An ugly thing (D:8)
  Maurice (D:8)
  A meliai (Lair:2)
  10 elephants
  2 black mambas
  A torpor snail (Lair:2)
  5 cane toads
  An unseen horror zombie (D:8)
  7 komodo dragons
  2 rime drakes
  14 blink frogs
  A hornet (D:8)
  7 dream sheep (Lair:5)
  3 wyverns
  53 yaks
  2 steam dragons
  8 basilisks
  A vampire mosquito (D:8)
  13 water moccasins
  An orc warrior (D:7)
  A sky beast (D:8)
  2 black bears
  3 ice beasts
  4 ogres
  24 wolves
  A phantom (D:5)
  8 bullfrogs
  3 scorpions
  5 wights (D:8)
  3 killer bees (Lair:2)
  A howler monkey (D:8)
  2 bombardier beetles
  3 jellies
  A centaur zombie (D:8)
  Crazy Yiuf (D:4)
  4 hounds
  3 orc priests
  3 iguanas
  7 orc wizards
  4 hell rats (Lair:5)
  3 gnolls (D:3)
  4 adders
  2 white imps
  A dart slug (D:1)
  2 ribbon worms
  25 orcs
  7 ball pythons
  5 endoplasms
  2 giant cockroaches (D:3)
  9 hobgoblins
  10 jackals
  8 kobolds
  2 quokkas
  A bat (D:3)
  3 frilled lizards
  3 goblins
  2 rats (D:1)
334 creatures vanquished.

Notes
Turn   | Place    | Note
-------+----------+-------------------------------------------
     0 | D:1      | Doomgape the Troll Monk began the quest for the Orb.
     0 | D:1      | Reached XP level 1. HP: 22/22 MP: 0/0
     2 | D:1      | Noticed a merfolk
     2 | D:1      | Noticed a ghoul
     4 | D:1      | Noticed a barachi
     4 | D:1      | Noticed a vine stalker
     6 | D:1      | Noticed a draconian
     6 | D:1      | Noticed a felid
     8 | D:1      | Noticed a minotaur
     8 | D:1      | Noticed a spriggan
    10 | D:1      | Noticed a demigod
    10 | D:1      | Noticed a djinni
    12 | D:1      | Noticed an oni
    12 | D:1      | Noticed a demonspawn
    14 | D:1      | Noticed a human
    16 | D:1      | Noticed an armataur
    16 | D:1      | Noticed a vampire
    18 | D:1      | Noticed an octopode
    20 | D:1      | Noticed a tengu
    20 | D:1      | Noticed a naga
    22 | D:1      | Noticed a gargoyle
    24 | D:1      | Noticed an elf
    26 | D:1      | Noticed a formicid
    26 | D:1      | Noticed a troll
    66 | D:1      | Reached XP level 2. HP: 29/29 MP: 1/1
   467 | D:2      | Reached XP level 3. HP: 37/37 MP: 2/2
   764 | D:2      | Found a white marble altar of Elyvilon.
   878 | D:2      | Found Zair Axi's Antique Weapon Boutique.
  1607 | D:3      | Reached skill level 4 in Unarmed Combat
  1618 | D:3      | Reached XP level 4. HP: 45/45 MP: 3/3
  2245 | D:4      | Noticed an ogre
  2252 | D:4      | Killed an ogre
  2253 | D:4      | Reached XP level 5. HP: 54/54 MP: 4/4
  2275 | D:4      | Reached skill level 5 in Unarmed Combat
  2283 | D:4      | Found a runed translucent gate.
  2284 | D:4      | Found a runed translucent gate.
  2284 | D:4      | Found a runed translucent gate.
  2286 | D:4      | Noticed Zing's ghost (amateur GnSh)
  2375 | D:4      | Found a runed translucent door.
  2378 | D:4      | Noticed Crazy Yiuf
  2386 | D:4      | Killed Crazy Yiuf
  2479 | D:4      | Found an iron altar of Okawaru.
  2502 | D:4      | Became a worshipper of Warmaster Okawaru
  2502 | D:4      | Reached * piety under Okawaru
  2502 | D:4      | Reached ** piety under Okawaru
  2510 | D:4      | You fall into a shaft and drop 1 floor!
  2510 | D:5      | Entered Level 5 of the Dungeon
  2573 | D:5      | Reached XP level 6. HP: 49/63 MP: 5/5
  2671 | D:5      | Found Odapul Lahi's Tiny Tomes.
  2808 | D:5      | Noticed an ice beast
  2815 | D:5      | Killed an ice beast
  2827 | D:5      | Reached skill level 5 in Fighting
  2827 | D:5      | Reached skill level 6 in Unarmed Combat
  2854 | D:5      | Reached XP level 7. HP: 72/72 MP: 6/6
  2994 | D:5      | Reached *** piety under Okawaru
  3054 | D:5      | Found an opulent altar of Gozag.
  3293 | D:6      | Reached skill level 7 in Unarmed Combat
  3322 | D:6      | Found a glowing golden altar of the Shining One.
  3410 | D:6      | Reached XP level 8. HP: 80/83 MP: 7/7
  3506 | D:6      | Found a stormy altar of Qazlal.
  3544 | D:6      | Found an ornate altar of the Wu Jian Council.
  3607 | D:6      | Identified the +0 leather armour of Tonoats {rC+ Int+3
                  | Dex+2}
  3660 | D:6      | Found a sparkling altar of Nemelex Xobeh.
  3875 | D:7      | Reached **** piety under Okawaru
  3936 | D:7      | Reached skill level 8 in Unarmed Combat
  3952 | D:7      | Found a staircase to the Ecumenical Temple.
  4000 | Temple   | Entered the Ecumenical Temple
  4898 | D:7      | Found a bloodstained altar of Trog.
  5009 | D:8      | Noticed a tengu warrior
  5009 | D:8      | Noticed a green ugly thing
  5026 | D:8      | Reached XP level 9. HP: 91/93 MP: 8/8
  5034 | D:8      | Killed a green ugly thing
  5035 | D:8      | Reached skill level 9 in Unarmed Combat
  5046 | D:8      | Killed a tengu warrior
  5046 | D:8      | Reached ***** piety under Okawaru
  5152 | D:8      | Noticed a boulder beetle
  5152 | D:8      | Noticed a two-headed ogre
  5163 | D:8      | Killed a boulder beetle
  5164 | D:8      | Reached skill level 10 in Unarmed Combat
  5165 | D:8      | HP: 4/97 [two-headed ogre/+0 giant spiked club (16)]
  5183 | D:8      | Killed a two-headed ogre
  5183 | D:8      | Received a gift from Okawaru
  5184 | D:8      | Reached XP level 10. HP: 28/107 MP: 9/9
  5273 | D:8      | Reached skill level 10 in Fighting
  5273 | D:8      | Reached skill level 12 in Unarmed Combat
  5273 | D:8      | Reached skill level 5 in Invocations
  5273 | D:8      | Reached XP level 11. HP: 119/119 MP: 9/13
  5664 | D:8      | Found a staircase to the Lair.
  5727 | D:8      | Found a basalt altar of Yredelemnul.
  6064 | D:8      | Noticed Maurice
  6176 | D:8      | Something stole 602 gold
  6178 | D:8      | Something stole a ring of protection from fire
  6185 | D:8      | Something stole an orb of light
  6187 | D:8      | Killed Maurice
  6568 | Lair:1   | Entered Level 1 of the Lair of Beasts
  6726 | Lair:1   | Reached skill level 13 in Unarmed Combat
  7431 | Lair:2   | Noticed Erica
  7439 | Lair:2   | Killed Erica
  7440 | Lair:2   | Reached XP level 12. HP: 89/127 MP: 8/17
  7482 | Lair:2   | Found a staircase to the Swamp.
  7487 | Lair:2   | Noticed an eleionoma
  7495 | Lair:2   | Killed an eleionoma
  7681 | Lair:2   | Reached skill level 14 in Unarmed Combat
  7796 | Lair:2   | Found a hole to the Spider Nest.
  8562 | Lair:3   | Noticed Gastronok
  8575 | Lair:3   | Killed Gastronok
  8799 | Lair:3   | Reached skill level 15 in Unarmed Combat
  8804 | Lair:3   | Reached skill level 10 in Invocations
  9214 | Lair:4   | Noticed a four-headed hydra
  9214 | Lair:4   | Noticed a five-headed hydra
  9235 | Lair:3   | Killed a ten-headed hydra
  9292 | Lair:4   | Killed a ten-headed hydra
  9370 | Lair:4   | Reached XP level 13. HP: 121/135 MP: 19/19
  9392 | Lair:4   | Received a gift from Okawaru
  9586 | Lair:4   | Found a viscous altar of Jiyva.
  9588 | Lair:4   | Found a staircase to the Slime Pits.
  9988 | Lair:4   | Reached skill level 1 in Evocations
 10004 | Lair:4   | Reached skill level 16 in Unarmed Combat
 10129 | Lair:5   | Entered Level 5 of the Lair of Beasts
 10231 | Lair:5   | Received a gift from Okawaru
 11001 | Lair:5   | Received a gift from Okawaru
 11136 | Lair:5   | Reached XP level 14. HP: 135/144 MP: 21/21
 11285 | Lair:5   | Reached skill level 17 in Unarmed Combat
 11285 | Lair:5   | Reached skill level 5 in Evocations
 11315 | Lair:5   | Slain by an 11-headed hydra

Illustrated notes

Levels and vault maps discovered:
D:1:      kb_arrival_jail, layout_rooms
D:2:      layout_basic, basic_altar, serial_rivers,
          chequers_serial_rivers_marsh, chequers_serial_rivers_micro_c,
          chequers_serial_rivers_room_a, chequers_serial_rivers_room_a,
          serial_shops, nicolae_lakefront_shop, lightli_corner_chamber
D:3:      layout_basic, minmay_misc_feat_cross
D:4:      layout_cave_pools, mainiacjoe_overflow_boulevard,
          hellmonk_okawaru_the_only_friend_you_need, zin_purify,
          gammafunk_ghost_nasty_kobolds, uniq_crazy_yiuf_cottage
D:5:      layout_loops_ring, nicolae_gozag_cash_rules_everything_around_me,
          nicolae_shop_i_like_small_books_too
D:6:      layout_rooms, nemelex_dance_club_becter,
          mainiacjoe_overflow_six_doors_small,
          mainiacjoe_overflow_catch_the_wave
D:7:      layout_loops_ring, trog_butcher_becter,
          minmay_temple_entry_gardened_gates, nicolae_eternal_life,
          roderic_lattice_a, kennysheep_generic_room_13
D:8:      cheibrodos_elevator_heist, layout_basic,
          lemuel_zombie_altar_yredelemnul, lair_entry_dummy,
          minmay_fractal_squares_diagonal_5, uniq_maurice
D:9:      layout_long_grid, grunt_ministairs_2, nicolae_zen_rock_garden,
          grunt_decor_resistance, nicolae_wwwww, chequers_serial_rivers_micro_a
Temple:   nicolae_temple_cloud_nine
Lair:1:   layout_chaotic_city, beast_lair_carwin_1, infiniplex_staircase_pool_2
Lair:2:   layout_gridlike, alex1729_swamp_entry_worm_eleionoma,
          hellmonk_spider_entry_not_the_bees, lemuel_fruit_tree, uniq_erica
Lair:3:   layout_misc_corridors, minivault_11, uniq_gastronok
Lair:4:   layout_cave_shapes, minmay_slime_entry_oklob_enclosed
Lair:5:   evilmike_catoblepas_cave, layout_regular_city

Skill      XL: |  1  2  3  4  5  6  7  8  9 10 11 12 13 14 |
---------------+-------------------------------------------+-----
Fighting       | 3 4 5 6 7 9 10 | 10.3
Unarmed Combat | 4 5 6 7 8 10 12 13 15 16 17 | 17.0
Invocations    | 5 8 10 11 | 11.0
Evocations     | 4 5 |  5.1
Dodging        | 4 |  4.6

Action                     |  1- 3 |  4- 6 |  7- 9 | 10-12 | 13-15 || total
---------------------------+-------+-------+-------+-------+-------++-------
  Melee: Unarmed           |    72 |    76 |   135 |   405 |   305 ||   993
         Punch             |       |       |       |     1 |       ||     1
 Invoke: Heroism           |       |       |     2 |    21 |     9 ||    32
         Finesse           |       |       |       |     2 |     2 ||     4
  Evoke: Wand              |       |     1 |     7 |       |     4 ||    12
    Use: Scroll            |       |       |    16 |     4 |     4 ||    24
         Potion            |       |       |     1 |     2 |     4 ||     7
   Stab: Sleeping          |       |       |       |     5 |     1 ||     6
         Distracted        |       |       |       |     1 |     1 ||     2
 Armour: Robe              |    32 |    43 |    90 |   245 |   137 ||   547
         Ice dragon scales |       |       |       |       |   124 ||   124
  Dodge: Dodged            |    40 |    34 |    38 |   108 |    80 ||   300
  Block: Kite shield       |       |       |     3 |   268 |   193 ||   464
         Reflection        |       |       |       |       |     1 ||     1
